 Dungeon Crawl Stone Soup version 0.28-b1-70-g80dc712255 (webtiles) character file.

Game seed: 1206341087085264388

36640 vvl the Black Sun (level 13, -26/99 HPs)
             Began as a Demonspawn Venom Mage on Feb 4, 2022.
             Was a High Priest of Kikubaaqudgha.
             Annihilated by a minotaur (36 damage)
             ... in a Gauntlet.
             The game lasted 01:16:30 (20227 turns).

vvl the Black Sun (Demonspawn Venom Mage)          Turns: 20227, Time: 01:16:30

Health: -26/99     AC: 15    Str: 18    XL:     13   Next: 54%
Magic:  1/25       EV: 21    Int: 28    God:    Kikubaaqudgha [*****.]
Gold:   916        SH:  5    Dex: 19    Spells: 3/28 levels left

rFire   x x .      SeeInvis .   y - +9 dagger of Dullness {elec, rCorr}
rCold   + . .      Faith    .   (no shield)
rNeg    . . .      Spirit   .   H - +2 robe {rC+}
rPois   .          Reflect  +   O - +2 hat
rElec   +          Harm     .   a - +0 cloak of Shielding {rElec rF- Str+4 Int+6}
rCorr   +          Rampage  .   C - +0 pair of gloves
Will    .....      NoTele   +   w - +2 pair of boots "Veudy" {rElec rF- Str+5}
Stlth   ++........              o - amulet of reflection
HPRegen 0.26/turn               u - +4 ring of evasion
MPRegen 0.19/turn               t - +6 ring of dexterity

@: no status effects
A: horns 2, icy blue scales 2, powered by death 3, spiny 2
a: Renounce Religion, Receive Corpses, Torment


You were in a Gauntlet.
You worshipped Kikubaaqudgha.
Kikubaaqudgha was extremely pleased with you.
You visited 3 branches of the dungeon, and saw 16 of its levels.
You also visited: Sewer and Gauntlet.

You collected 916 gold pieces.

Inventory:

Hand Weapons
 h - a +2 short sword of flaming
 q - a +2 dagger of protection
 s - a +1 dagger of venom
 y - the +9 dagger of Dullness (weapon) {elec, rCorr}
   (You found it on level 5 of the Dungeon)

   It occasionally discharges a powerful burst of electricity upon striking a
   foe.
   rCorr:     It protects you from acid and corrosion.
Armour
 a - the +0 cloak of Shielding (worn) {rElec rF- Str+4 Int+6}
   (You acquired it on level 7 of the Dungeon)

   Str:       It affects your strength (+4).
   Int:       It affects your intelligence (+6).
   rF:        It makes you vulnerable to fire.
   rElec:     It insulates you from electricity.
 w - the +2 pair of boots "Veudy" (worn) {rElec rF- Str+5}
   (You found it on level 5 of the Dungeon)

   Str:       It affects your strength (+5).
   rF:        It makes you vulnerable to fire.
   rElec:     It insulates you from electricity.
 C - a +0 pair of gloves (worn)
 H - a +2 robe of cold resistance (worn)
 N - a scarf of repulsion
 O - a +2 hat (worn)
Jewellery
 k - a ring of resist corrosion
 o - an amulet of reflection (around neck)
 t - a +6 ring of dexterity (right hand)
 u - a +4 ring of evasion (left hand)
 Q - a ring of flight
 R - the ring of Atozije {rElec rF+}
   (You found it on level 1 of the Lair of Beasts)

   [ring of protection from fire]

   rF:        It protects you from fire.
   rElec:     It insulates you from electricity.
 T - a ring of positive energy
 Y - a ring of protection from fire
 Z - the ring "Muakhlig" {rF+ rCorr}
   (You found it in a Gauntlet)

   [ring of resist corrosion]

   rF:        It protects you from fire.
   rCorr:     It protects you from acid and corrosion.
Wands
 z - a wand of polymorph (9)
 D - a wand of flame (26)
 J - a wand of digging (13)
 W - a wand of acid (8)
Scrolls
 b - 6 scrolls of blinking {unknown}
 c - a scroll of fog {unknown}
 e - 8 scrolls of teleportation
 j - 3 scrolls of amnesia {unknown}
 l - 2 scrolls of magic mapping {unknown}
 n - a scroll of fear {unknown}
 p - 3 scrolls of noise {unknown}
 r - 2 scrolls of enchant armour {unknown}
 E - 3 scrolls of silence {unknown}
 V - a scroll of brand weapon {unknown}
 X - a scroll of summoning {unknown}
Potions
 d - 4 potions of might
 f - 3 potions of curing
 i - 2 potions of attraction
 v - a potion of invisibility
 x - 3 potions of flight
 B - 4 potions of brilliance
 F - a potion of cancellation {unknown}
 I - a potion of haste {unknown}
 K - a potion of mutation {unknown}
 L - a potion of heal wounds
 M - a potion of lignification
 S - 2 potions of ambrosia
 U - a potion of magic {unknown}
Miscellaneous
 A - a piece from Xom's chessboard (15/15)


   Skills:
 + Level 8.5 Fighting
 - Level 7.0 Armour
 + Level 7.7 Dodging
 - Level 2.0 Stealth
 + Level 8.2 Spellcasting
 + Level 12.2 Necromancy
 - Level 6.0 Transmutations
 + Level 6.0 Earth Magic
 - Level 8.0 Poison Magic
 - Level 5.0 Evocations


You had 3 spell levels left.
You knew the following spells:

 Your Spells              Type           Power      Damage    Failure   Level
a - Sting                 Tmut/Pois      100%       1d8       1%          1
b - Olgreb's Toxic Radia  Pois           54%        N/A       1%          4
c - Animate Skeleton      Necr           100%       N/A       1%          1
d - Sublimation of Blood  Necr           69%        N/A       1%          2
e - Vampiric Draining     Necr           69%        2d10      1%          3
f - Animate Dead          Necr           34%        N/A       1%          4
g - Agony                 Necr           69%        N/A       1%          5
h - Borgnjor's Vile Clut  Necr/Erth      29%        N/A       3%          5

Your spell library contained the following spells:

 Spells                   Type           Power      Damage    Failure   Level
 Corpse Rot               Necr/Air       90%        N/A       1%          2
 Poisonous Vapours        Pois/Air       66%        N/A       1%          2
 Spider Form              Tmut/Pois      50%        N/A       1%          3
 Slow                     Hex            44%        N/A       4%          1
 Mephitic Cloud           Conj/Pois/Air  26%        N/A       4%          3
 Ensorcelled Hibernation  Hex/Ice        22%        N/A       8%          2
 Confusing Touch          Hex            11%        N/A       14%         3
 Dazzling Flash           Conj/Hex       22%        N/A       14%         3
 Excruciating Wounds      Necr           34%        N/A       1%          5
 Anguish                  Hex/Necr       22%        N/A       3%          4
 Lee's Rapid Deconstruct  Erth           22%        3d14*     11%         5
 Fulminant Prism          Conj/Hex       5%         3d7       43%         4
 Iskenderun's Mystic Bla  Conj/Tloc      11%        2d4       43%         4
 Simulacrum               Ice/Necr       22%        N/A       52%         6
 Starburst                Conj/Fire      5%         6d4       100%        6


Dungeon Overview and Level Annotations

Branches:
Dungeon (12/15)            Temple (1/1) D:6            Lair (3/6) D:10
    Orc (0/2) D:9           Sewer (visited)         Gauntlet (1/1)
  Swamp: Lair:2-4    Shoals: Lair:2-4     Snake: Lair:2-4    Spider: Lair:2-4

Altars:
Ashenzari
Cheibriados
Dithmenos
Elyvilon
Fedhas
Gozag
Hepliaklqana
Kikubaaqudgha
Makhleb
Nemelex Xobeh
Okawaru
Qazlal
Ru
Sif Muna
Trog
Uskayaw
Vehumet
Wu Jian
Xom
Yredelemnul
Zin
The Shining One
Beogh

Annotations:
D:6 3 runed translucent doors, cbfl8's ghost, weakling MiDe
D:12 Azrael Gauntlet 6 transporters, 1 runed translucent door


Innate Abilities, Weirdness & Mutations

You have a pair of horns on your head.
You are mostly covered in icy blue scales. (AC +3)
You regenerate a lot of health from kills.
You are mostly covered in sharp spines.


Message History

The minotaur is lightly wounded.
Casting: Sting (safe; 1% risk of failure)
Confirm with . or Enter, or press ? or * to list all spells.
Aiming: Agony (dangerous; 1% risk of failure)
Press: ? - help, Shift-Dir - straight line, f/p - minotaur
Aim: a minotaur, wielding the +8 frozen axe "Frostbite" {freezing cloud, *Noise Fly rC+}, wearing a +0 chain mail, wearing the ring of Tedoal {rC+ Str+6 SInv Stlth+} and quivering silver javelins (lightly wounded, very poisoned, chance to affect: 67%)
The minotaur convulses!
The minotaur closely misses you. You block the minotaur's attack.
Casting: Agony (dangerous; 1% risk of failure)
Confirm with . or Enter, or press ? or * to list all spells.
Aiming: Vampiric Draining (safe; 1% risk of failure)
Press: ? - help, Shift-Dir - straight line, f/p - minotaur
Aim: a minotaur, wielding the +8 frozen axe "Frostbite" {freezing cloud, *Noise Fly rC+}, wearing a +0 chain mail, wearing the ring of Tedoal {rC+ Str+6 SInv Stlth+} and quivering silver javelins (heavily wounded, very poisoned)
You draw life force from the minotaur!
You feel life coursing into your body.
The minotaur hits you with the +8 frozen axe "Frostbite" {freezing cloud, *Noise Fly rC+}!!!
The minotaur freezes you.
The minotaur gores you but does no damage.
Casting: Vampiric Draining (safe; 1% risk of failure)
Confirm with . or Enter, or press ? or * to list all spells.
Aiming: Borgnjor's Vile Clutch (dangerous; 3% risk of failure)
Press: ? - help, Shift-Dir - straight line, f/p - minotaur
Aim: a minotaur, wielding the +8 frozen axe "Frostbite" {freezing cloud, *Noise Fly rC+}, wearing a +0 chain mail, wearing the ring of Tedoal {rC+ Str+6 SInv Stlth+} and quivering silver javelins (severely wounded, very poisoned, 100% to hit)
Zombie hands grab the minotaur.
The zombie hands constrict the minotaur.
The minotaur is struck by your spines.
The minotaur hits you with the +8 frozen axe "Frostbite" {freezing cloud, *Noise Fly rC+}!!
* * * LOW HITPOINT WARNING * * *
The minotaur freezes you.
* * * LOW HITPOINT WARNING * * *
The minotaur gores you but does no damage.
Casting: Borgnjor's Vile Clutch (dangerous; 3% risk of failure)
Confirm with . or Enter, or press ? or * to list all spells.
Aiming: Vampiric Draining (safe; 1% risk of failure)
Press: ? - help, Shift-Dir - straight line, f/p - minotaur
Aim: a minotaur, wielding the +8 frozen axe "Frostbite" {freezing cloud, *Noise Fly rC+}, wearing a +0 chain mail, wearing the ring of Tedoal {rC+ Str+6 SInv Stlth+} and quivering silver javelins (severely wounded, very poisoned, constricted by zombie hands)
You draw life force from the minotaur!
You feel life coursing into your body.
The zombie hands constrict the minotaur!
The minotaur hits you with the +8 frozen axe "Frostbite" {freezing cloud, *Noise Fly rC+}!!!
You die...
Kikubaaqudgha rasps: "You have failed me!
Welcome... death!"

##########..##≈..
####........#..###..
#....######.#..##≈..
#.##.#....#.#..###..
#.#....##.#.#....#..
#.#.#####.#.#...©#..
#.#.# #.#.#....#.∩
#.#.# #.#......#..
#.#@# ⌠###.#...©#..
#.#H##.# #.#....#..
#.#....# #.#..###..
#.####....#.#..##≈..
#....######.#..###..
####..#.....#..##≈..
##########..###..
#####≈.. ##§.


You could see a minotaur (very poisoned, clutched).

Vanquished Creatures
  Fannar (Lair:1)
  5 hydras
  Harold (D:7)
  3 boulder beetles (D:12)
  A catoblepas (Lair:2)
  2 two-headed ogres
  A thrashing horror (Gauntlet)
  5 death yaks (Lair:2)
  2 ugly things
  Pikel (D:7)
  A cyclops (D:11)
  A moth of wrath (Gauntlet)
  9 centaur zombies
  2 gargoyles (D:11)
  2 black mambas
  4 cane toads
  A rime drake (Lair:3)
  A komodo dragon (shapeshifter) (D:10)
  An unseen horror (D:11)
  2 kobold demonologists
  A queen bee (Gauntlet)
  A komodo dragon (Lair:2)
  A troll (D:10)
  2 hornets
  Sigmund (D:6)
  3 wyverns
  A vampire (D:11)
  26 yaks
  3 wraiths
  3 shadows
  3 basilisks
  Eustachio (D:6)
  A fire elemental (D:12)
  4 vampire mosquitoes
  A steam dragon (D:9)
  2 acid dragons
  Menkaure (D:6)
  7 wargs
  Duvessa (D:7)
  4 hell hounds (D:12)
  2 ice beasts
  4 water moccasins
  6 orc warriors
  2 black bears
  2 necrophages (D:6)
  3 ogres
  4 small abominations (Gauntlet)
  5 centaurs (D:12)
  17 wolves
  A lemure (D:7)
  2 phantoms
  4 kobold brigands
  9 bullfrogs
  2 scorpions (D:5)
  2 water moccasin skeletons (D:5)
  Dowan (D:7)
  18 killer bees
  5 howler monkeys
  6 electric eels (D:10)
  A hound (D:6)
  5 orc priests
  A bullfrog skeleton (D:5)
  2 centaur skeletons
  4 iguanas
  2 gnoll shamans
  A scorpion zombie (D:5)
  10 orc wizards
  2 polar bear simulacra (Lair:2)
  A killer bee zombie (D:7)
  A hound skeleton (D:4)
  A howler monkey zombie (D:9)
  Robin (D:3)
  17 gnolls
  6 adders
  3 howler monkey skeletons
  A river rat (Sewer)
  An ufetubus (D:6)
  A worm zombie (D:4)
  2 adder skeletons
  4 worms
  2 dart slugs
  61 orcs
  9 ball pythons
  11 endoplasms
  4 giant cockroaches
  9 hobgoblins
  6 jackals
  A quokka (D:3)
  2 bats
  9 goblins
  25 kobolds
  11 rats
  A rat zombie (D:4)
426 creatures vanquished.

Vanquished Creatures (collateral kills)
  A hydra (Lair:1)
1 creature vanquished.

Vanquished Creatures (others)
  2 fire elementals (D:12)
  An electric eel (D:12)
  An orc (D:9)
  3 fungi
  13 plants
20 creatures vanquished.

Grand Total: 447 creatures vanquished

Notes
Turn   | Place    | Note
-------+----------+-------------------------------------------
     0 | D:1      | vvl the Demonspawn Venom Mage began the quest for the Orb.
     0 | D:1      | Reached XP level 1. HP: 13/13 MP: 3/3
    91 | D:1      | Reached skill level 1 in Transmutations
   341 | D:1      | Gained mutation: You are partially covered in icy blue
                  | scales. (AC +2) [demonic ancestry]
   341 | D:1      | Reached XP level 2. HP: 12/19 MP: 0/5
  1749 | D:2      | Found a faded altar of an unknown god.
  1805 | D:2      | Gained mutation: You are mostly covered in icy blue scales.
                  | (AC +3) [demonic ancestry]
  1805 | D:2      | Reached XP level 3. HP: 25/25 MP: 2/6
  2082 | D:2      | Reached skill level 1 in Fighting
  2388 | D:2      | Gained mutation: You regenerate a little health from kills.
                  | [demonic ancestry]
  2388 | D:2      | Reached XP level 4. HP: 26/32 MP: 3/7
  2474 | D:2      | Reached skill level 1 in Armour
  2970 | D:3      | Noticed Robin
  3051 | D:3      | Killed Robin
  3634 | D:3      | Reached XP level 5. HP: 26/37 MP: 5/8
  5129 | D:4      | Noticed a black bear
  5151 | D:4      | Killed a black bear
  5152 | D:4      | Gained mutation: You regenerate health from kills. [demonic
                  | ancestry]
  5152 | D:4      | Reached XP level 6. HP: 22/44 MP: 5/10
  6048 | D:4      | Reached skill level 5 in Poison Magic
  6089 | D:4      | Learned a level 4 spell: Olgreb's Toxic Radiance
  6099 | D:5      | Entered Level 5 of the Dungeon
  6137 | D:5      | Identified the +2 pair of boots "Veudy" {rElec rF- Str+5}
  6208 | D:5      | Noticed an ice beast
  6235 | D:5      | Killed an ice beast
  6236 | D:5      | Reached skill level 1 in Necromancy
  6236 | D:5      | Reached XP level 7. HP: 43/51 MP: 0/12
  6685 | D:5      | Found a glowing drain.
  6736 | Sewer    | Entered a sewer
  6850 | Sewer    | Reached skill level 2 in Necromancy
  7135 | D:5      | Gained mutation: You regenerate a lot of health from kills.
                  | [demonic ancestry]
  7135 | D:5      | Reached XP level 8. HP: 56/58 MP: 7/13
  7173 | D:5      | Identified the +9 dagger of Dullness {elec, rCorr}
  7349 | D:6      | Found a staircase to the Ecumenical Temple.
  7418 | Temple   | Entered the Ecumenical Temple
  7680 | Temple   | Became a worshipper of Kikubaaqudgha
  7751 | D:6      | Found a hide-covered altar of Uskayaw.
  7751 | D:6      | Found an iron altar of Okawaru.
  7766 | D:6      | Reached skill level 3 in Necromancy
  7809 | D:6      | Noticed Sigmund
  7841 | D:6      | Reached skill level 4 in Necromancy
  7850 | D:6      | Killed Sigmund
  7851 | D:6      | Gained mutation: You are partially covered in sharp spines.
                  | [demonic ancestry]
  7851 | D:6      | Reached XP level 9. HP: 45/65 MP: 7/15
  7910 | D:6      | Found a radiant altar of Vehumet.
  7928 | D:6      | Found a runed translucent gate.
  7928 | D:6      | Found a runed translucent gate.
  7938 | D:6      | Found a runed translucent gate.
  7939 | D:6      | Noticed cbfl8's ghost (weakling MiDe)
  8260 | D:6      | Noticed Menkaure
  8268 | D:6      | Killed Menkaure
  8560 | D:6      | Noticed Eustachio
  8578 | D:6      | Killed Eustachio
  8579 | D:6      | Reached skill level 5 in Necromancy
  9451 | D:7      | Noticed Dowan
  9452 | D:7      | Noticed Duvessa
  9471 | D:7      | Killed Dowan
  9475 | D:7      | Killed Duvessa
  9837 | D:7      | Reached * piety under Kikubaaqudgha
  9837 | D:7      | Received a gift from Kikubaaqudgha
  9840 | D:7      | Learned a level 1 spell: Animate Skeleton
  9843 | D:7      | Learned a level 2 spell: Sublimation of Blood
  9847 | D:7      | Learned a level 3 spell: Vampiric Draining
  9935 | D:7      | Noticed a red ugly thing
  9957 | D:7      | Killed a red ugly thing
  9958 | D:7      | Reached skill level 5 in Fighting
  9958 | D:7      | Reached skill level 5 in Spellcasting
  9958 | D:7      | Reached skill level 6 in Necromancy
 10469 | D:8      | Noticed Pikel
 10496 | D:8      | Gained mutation: You have a pair of small horns on your
                  | head. [demonic ancestry]
 10496 | D:8      | Reached XP level 10. HP: 74/74 MP: 4/17
 10497 | D:8      | Noticed Harold
 10954 | D:7      | Identified a scroll of acquirement
 10962 | D:7      | Acquired the +0 cloak of Shielding {rElec rF- Str+4 Int+6}
 11150 | D:7      | Killed Harold
 11151 | D:7      | Reached skill level 5 in Transmutations
 11159 | D:7      | Killed Pikel
 11160 | D:7      | Reached skill level 1 in Earth Magic
 11160 | D:7      | Reached skill level 1 in Evocations
 11500 | D:8      | Reached skill level 7 in Necromancy
 11876 | D:9      | Reached ** piety under Kikubaaqudgha
 12069 | D:9      | Reached skill level 5 in Armour
 12071 | D:9      | Reached skill level 5 in Dodging
 12296 | D:9      | Found a staircase to the Orcish Mines.
 12754 | D:10     | Entered Level 10 of the Dungeon
 12803 | D:10     | Reached XP level 11. HP: 81/81 MP: 4/19
 12823 | D:10     | Reached *** piety under Kikubaaqudgha
 12823 | D:10     | Received a gift from Kikubaaqudgha
 12964 | D:10     | Reached skill level 8 in Necromancy
 13117 | D:10     | Noticed a two-headed ogre
 13140 | D:10     | Killed a two-headed ogre
 13304 | D:10     | Learned a level 4 spell: Animate Dead
 13310 | D:10     | Learned a level 5 spell: Agony
 14086 | D:10     | Found a bloodstained altar of Trog.
 14188 | D:10     | Found a staircase to the Lair.
 14283 | D:11     | Noticed a purple ugly thing
 14294 | D:11     | Killed a purple ugly thing
 14507 | D:11     | Found a hazy altar of Hepliaklqana.
 14954 | D:11     | Noticed a six-headed hydra
 14978 | D:11     | Reached skill level 9 in Necromancy
 14990 | D:11     | Killed a six-headed hydra
 15494 | D:11     | Gained mutation: You have a pair of horns on your head.
                  | [demonic ancestry]
 15494 | D:11     | Reached XP level 12. HP: 74/81 MP: 18/21
 15511 | D:11     | Reached **** piety under Kikubaaqudgha
 15519 | D:11     | Noticed a two-headed ogre
 15528 | D:11     | Killed a two-headed ogre
 16214 | D:12     | Noticed a boulder beetle
 16230 | D:12     | Killed a boulder beetle
 16381 | D:12     | Noticed a boulder beetle
 16397 | D:12     | Killed a boulder beetle
 16398 | D:12     | Reached skill level 10 in Necromancy
 16613 | D:12     | Noticed a boulder beetle
 16626 | D:12     | Killed a boulder beetle
 16738 | D:12     | Noticed Azrael
 16766 | D:12     | Noticed a seven-headed hydra
 16805 | D:12     | Killed a seven-headed hydra
 16961 | Lair:1   | Entered Level 1 of the Lair of Beasts
 16974 | Lair:1   | Reached skill level 5 in Evocations
 16994 | Lair:1   | Noticed Fannar
 16994 | Lair:1   | Noticed an eight-headed hydra
 17004 | Lair:1   | Killed an eight-headed hydra
 17014 | Lair:1   | Killed Fannar
 17202 | Lair:1   | Noticed an eight-headed hydra
 17210 | Lair:1   | Killed an eight-headed hydra
 17422 | Lair:1   | Reached skill level 11 in Necromancy
 17719 | Lair:1   | Identified the ring of Atozije {rElec rF+}
 18151 | Lair:2   | Noticed an eight-headed hydra
 18204 | Lair:1   | Reached skill level 5 in Earth Magic
 18263 | Lair:2   | Killed an eight-headed hydra
 18507 | Lair:2   | Noticed a five-headed hydra
 18518 | Lair:2   | Killed a five-headed hydra
 18519 | Lair:2   | Gained mutation: You are mostly covered in sharp spines.
                  | [demonic ancestry]
 18519 | Lair:2   | Reached XP level 13. HP: 54/98 MP: 7/24
 18923 | Lair:2   | Reached ***** piety under Kikubaaqudgha
 19605 | Lair:3   | Reached skill level 12 in Necromancy
 19711 | Lair:3   | Found a gate leading to a gauntlet.
 19722 | Gauntlet | Entered a Gauntlet
 19722 | Gauntlet | Found a transporter.
 19722 | Gauntlet | Found a transporter.
 19731 | Gauntlet | Found a runed translucent door.
 19734 | Gauntlet | Found a transporter.
 19735 | Gauntlet | Found a transporter.
 19743 | Gauntlet | Found a transporter.
 19746 | Gauntlet | Found a transporter.
 19757 | Gauntlet | Found a transporter.
 19774 | Gauntlet | Found a transporter.
 19779 | Gauntlet | Found a transporter.
 19782 | Gauntlet | Found a transporter.
 19792 | Gauntlet | Found a transporter.
 19841 | Gauntlet | Found a transporter.
 19992 | Gauntlet | Learned a level 5 spell: Borgnjor's Vile Clutch
 20111 | Gauntlet | Identified the ring "Muakhlig" {rF+ rCorr}
 20217 | Gauntlet | Identified the ring of Tedoal {rC+ Str+6 SInv Stlth+}
 20217 | Gauntlet | Noticed a minotaur
 20227 | Gauntlet | Annihilated by a minotaur

Illustrated notes

Levels and vault maps discovered:
D:1:      lightli_arrival_noodles, layout_basic, minivault_24
D:2:      layout_loops_corners, dreamdust_ecumenical_altar_grove,
          bh_walls_and_bars
D:3:      layout_basic, mrwooster_statue_mirror, minmay_fractal_squares_5,
          uniq_robin
D:4:      layout_gridville, enter_ossuary_3, grunt_ministairs_10
D:5:      layout_rooms, portal_sewer_entry_a
D:6:      layout_gridville, chequers_temple_overflow_statue_of_worship,
          minmay_temple_entry_statues_fountains, gammafunk_ghost_necromancy,
          uniq_menkaure, uniq_sigmund, uniq_eustachio
D:7:      layout_cave_pods, chequers_arboretum, grunt_decor_one_mirror,
          uniq_duvessa
D:8:      layout_rooms, special_room [special_room_orc], roderic_roman_lattice,
          minmay_misc_feat_square, uniq_pikel, uniq_harold
D:9:      layout_roguey, minmay_orc_entry_guard_dogs, hellmonk_bongcloud_opening
D:10:     cheibrodos_two_vegetables, layout_irregular_city,
          nicolae_overflow_crystal_walls, erik_lair_orcish_takeover,
          serial_glass, glass_columns_c, glass_columns_b, glass_columns_c,
          glass_columns_b, glass_columns_c, glass_columns_c, glass_columns_b,
          glass_columns_a, glass_columns_b, glass_columns_a, glass_columns_a,
          glass_columns_a, glass_columns_a, glass_columns_a,
          due_unseen_surprise, item_on_display_a, minivault_25,
          statue_in_the_mist_lemuel
D:11:     minmay_bubble_buster, layout_irregular_city, grunt_ministairs_11,
          worldfamousw_hep_ancestral_shrine
D:12:     layout_roguey, lemuel_freeze_loot_1, uniq_azrael
Temple:   dpeg_five_rooms_temple
Lair:1:   layout_chaotic_city, uniq_fannar
Lair:2:   layout_cave_pods, portal_ice_cave_entry_ice_simulacra,
          lemuel_fruit_tree
Lair:3:   layout_chaotic_city, guppyfry_snake_entry_garden,
          gauntlet_entry_generic, infiniplex_staircase_pool, uniq_urug
Gauntlet: minmay_gauntlet_mixed_big_or_small [nicolae_gauntlet_arena_grate_2,
          minmay_gauntlet_arena_77_path, nicolae_gauntlet_arena_quarters,
          minmay_gauntlet_arena_77_terracotta_army,
          nicolae_gauntlet_arena_t_cross, minmay_gauntlet_arena_77_double_cross,
          dreamdust_gauntlet_exit_labyrinth]

Skill      XL: |  1  2  3  4  5  6  7  8  9 10 11 12 13 |
---------------+----------------------------------------+-----
Transmutations | 1 2 3 4 5 6 |  6.0
Stealth        | 2 |  2.0
Dodging        | 2 3 4 5 6 7 |  7.7
Fighting       | 1 2 3 4 5 6 7 8 |  8.5
Armour         | 1 2 3 4 5 6 7 |  7.0
Poison Magic   | 4 5 6 7 8 |  8.0
Spellcasting   | 3 4 5 6 7 8 |  8.2
Necromancy     | 1 2 4 6 7 9 11 12 | 12.2
Earth Magic    | 2 3 5 6 |  6.0
Evocations     | 2 4 5 |  5.0

Action                   |  1- 3 |  4- 6 |  7- 9 | 10-12 | 13-15 || total
-------------------------+-------+-------+-------+-------+-------++-------
Melee: Unarmed           |    37 |       |       |       |       ||    37
       Short sword       |    10 |    16 |       |       |       ||    26
       Dagger            |       |   173 |   135 |   309 |    92 ||   709
       Punch             |       |     3 |     3 |     9 |       ||    15
       Headbutt          |       |       |       |    70 |    29 ||    99
Throw: Throwing net      |       |       |       |     3 |       ||     3
 Cast: Sting             |    72 |   157 |   183 |   201 |     8 ||   621
       Vampiric Draining |       |       |     3 |    33 |     5 ||    41
       Olgreb's Toxic Ra |       |       |       |    26 |    17 ||    43
       Agony             |       |       |       |    10 |     2 ||    12
       Animate Skeleton  |       |       |       |     1 |       ||     1
       Animate Dead      |       |       |       |     1 |       ||     1
       Borgnjor's Vile C |       |       |       |       |     1 ||     1
Evoke: Wand              |       |       |       |     7 |       ||     7
  Use: Potion            |       |     1 |       |     4 |       ||     5
       Scroll            |       |       |       |     9 |       ||     9
 Stab: Sleeping          |     1 |       |     2 |     2 |       ||     5
       Paralysed         |       |       |       |     9 |       ||     9
       Distracted        |       |       |       |     1 |       ||     1
Armor: Robe              |    22 |   116 |    85 |   135 |    43 ||   401
Dodge: Dodged            |    52 |   171 |   190 |   410 |    93 ||   916
Block: Other             |       |    23 |    57 |   110 |    36 ||   226
       Reflection        |       |       |     4 |     2 |       ||     6
